 Dungeon Sprint DCSS version 0.18.1-48-g4cf74bf (webtiles) character file.

9031 Groucho the Spry (level 11, -27/63 HPs)
             Began as a Spriggan Fighter on July 5, 2016.
             Was a High Priest of Qazlal.
             Annihilated by an Orb Guardian (28 damage)
             ... in the Dungeon (Sprint V: "Ziggurat Sprint").
             The game lasted 00:14:19 (2857 turns).

Groucho the Spry (Spriggan Fighter)                 Turns: 2857, Time: 00:14:21

Health: -27/63     AC: 24    Str: 27    XL:     11   Next: 17%
Magic:  2/21       EV: 26    Int:  8    God:    Qazlal [*****.]
Gold:   0          SH:  6    Dex: 16    Spells: 2 memorised, 5 levels left

rFire  + . .     SeeInvis +     n - +5 shortbow (velocity)
rCold  . . .     Gourm    .     m - +5 shadow dragon armour
rNeg   + . .     Faith    .     (shield currently unavailable)
rPois  .         Spirit   .     (helmet restricted)
rElec  +         Dismiss  .     Q - +1 cloak {+Inv}
rCorr  .         Reflect  .     (gloves unavailable)
SustAt .         Harm     .     (boots unavailable)
MR     ++...     Rnd*Rage +     T - necklace of Bloodlust {*Rage +Rage MR+ Str+2 Int-2 Slay+3 *Curse} (curse)
Stlth  ++........ NoTele   +    S - ring "Zeduij" {rElec rF+ rN+ Str+4 Stlth+}
                                L - +6 ring of strength

@: protected from physical damage, studying Polearms, repel missiles, very
quick, very resistant to hostile enchantments, unstealthy
A: unfitting armour, see invisible, herbivore 3, speed 3, slow metabolism 2
a: Upheaval, Elemental Force, Disaster Area, Renounce Religion, Evoke Berserk
Rage, Evoke Invisibility


You were in the Dungeon.
You worshipped Qazlal.
Qazlal was extremely pleased with you.
You were full.

You visited 1 branch

Inventory:

Hand Weapons
 n - a +5 shortbow of velocity (weapon)
 p - a +5 demon blade
 q - a +5 double sword
 U - the +5 pair of quick blades "Gyre" and "Gimble" {pierce, Dex-3}
   (You found it in the Dungeon)

   It inflicts extra damage upon your enemies.
   It affects your dexterity (-3).
Missiles
 o - 999 arrows (quivered)
Armour
 b - a +0 robe
 l - a +5 gold dragon armour
 m - a +5 shadow dragon armour (worn)
 Q - a +1 cloak of invisibility (worn)
Jewellery
 H - a +6 ring of dexterity
 I - a +6 ring of dexterity
 J - a +6 ring of intelligence
 K - a +6 ring of intelligence
 L - a +6 ring of strength (left hand)
 M - a +6 ring of strength
 P - the ring of Hous {rPois rF- Dex+3 Stlth+}
   (You found it in the Dungeon)

   [ring of stealth]

   It affects your dexterity (+3).
   It makes you vulnerable to fire.
   It protects you from poison.
   It makes you more stealthy.
 S - the ring "Zeduij" (right hand) {rElec rF+ rN+ Str+4 Stlth+}
   (You found it in the Dungeon)

   [ring of protection from fire]

   It affects your strength (+4).
   It protects you from fire.
   It insulates you from electricity.
   It protects you from negative energy.
   It makes you more stealthy.
 T - the cursed necklace of Bloodlust (around neck) {*Rage +Rage MR+ Str+2 Int-2 Slay+3 *Curse}
   (You found it in the Dungeon)

   [amulet of rage]

   It affects your strength (+2).
   It affects your intelligence (-2).
   It affects your accuracy and damage with ranged weapons and melee attacks
   (+3).
   It affects your resistance to hostile enchantments.
   It lets you go berserk.
   It may make you go berserk in combat.
   It may re-curse itself when equipped.
   It has a curse placed upon it.
Wands
 y - a wand of disintegration (7/24)
 E - a wand of iceblast (5/15)
 F - a wand of lightning (5/15)
 G - a wand of acid (5/15)
Scrolls
 k - 4 scrolls of blinking
 r - 4 scrolls of amnesia
 s - 3 scrolls of recharging
 t - 7 scrolls of fog
 u - a scroll of holy word
 v - 5 scrolls of identify
 w - 5 scrolls of remove curse
 x - 2 scrolls of fear
Potions
 d - 7 potions of might
 e - 10 potions of curing
 g - 3 potions of heal wounds
 h - 5 potions of haste
 i - 7 potions of magic
 j - 3 potions of berserk rage
 z - 2 potions of brilliance
 A - 2 potions of invisibility
 B - 4 potions of resistance
 C - a potion of experience
 D - 5 potions of agility
Books
 c - a book of Transfigurations

   Spells                             Type                      Level
   a - Irradiate                      Conjuration/Transmutation    5
   b - Statue Form                    Transmutation/Earth          6
   c - Hydra Form                     Transmutation                6
   d - Dragon Form                    Transmutation                7
 O - a manual of Polearms
 R - a book of Enchantments

   Spells                             Type                      Level
   a - Cause Fear                     Hexes                        4
   b - Yara's Violent Unravelling     Hexes/Transmutation          5
   c - Silence                        Hexes/Air                    5
   d - Deflect Missiles               Charms/Air                   6
   e - Haste                          Charms                       6
   f - Discord                        Hexes                        8
Miscellaneous
 N - a disc of storms
Comestibles
 a - 42 fruits
 f - 5 bread rations


   Skills:
 + Level 9.6 Fighting
 - Level 1.5 Long Blades
 + Level 12.8 Bows
 * Level 9.7 Armour
 * Level 17.0 Dodging
   Level 2.1 Shields
 - Level 1.4 Spellcasting
 - Level 2.1 Transmutations
 - Level 1.4 Earth Magic
 * Level 12.3 Invocations
 * Level 10.1 Evocations


You had 5 spell levels left.
You knew the following spells:

 Your Spells              Type           Power        Failure   Level  Hunger
a - Apportation           Tloc           #.........   99%         1    ##.....
b - Statue Form           Trmt/Erth      #........    100%        6    #######


Dungeon Overview and Level Annotations

Branches:
Dungeon (1/1)

Altars:
Ashenzari
Cheibriados
Dithmenos
Elyvilon
Fedhas
Gozag
Kikubaaqudgha
Makhleb
Nemelex Xobeh
Okawaru
Pakellas
Qazlal
Ru
Sif Muna
Trog
Vehumet
Xom
Yredelemnul
Zin
The Shining One
Beogh
Jiyva
Lugonu


Innate Abilities, Weirdness & Mutations

You are tiny and cannot use many weapons and most armour.
You have supernaturally acute eyesight.
You are a herbivore.
You cover ground extremely quickly.
You need consume almost no food.


Message History

* * * LOW HITPOINT WARNING * * *
You feel more protected from physical attacks.
The black draconian annihilator mumbles some strange words.
The black draconian annihilator blinks!
The mottled draconian hits you but does no damage.
The purple draconian is engulfed in roaring flames.
Drink which item? (? for menu, Esc to quit)
You feel much better.
The Orb Guardian completely misses you. x2
The Orb Guardian hits you!
* * * LOW HITPOINT WARNING * * *
The Orb Guardian hits you!
* * * LOW HITPOINT WARNING * * *
The white draconian is engulfed in roaring flames.
You kill the white draconian!
Qazlal accepts your kill.
Your Dodging skill increases to level 17!
Your Evocations skill increases to level 10!
The Orb Guardian is struck by lightning.
The Orb Guardian hits you!!
You die...

▓.§).[§=..▓
▓..)=)[=..▓..§=|)|..▓
▓....q....▓.§§§††...▓
▓.........▓......†..▓
▓.§......(▓.....†...▓
▓....d....▓.....†...▓
▓...ddd§..▓.........▓
▓.▓.XXXd▓.▓.........▓
▓...§@§...▓▓▓▓▓▓▓▓▓▓▓
▓▓▓▓▓▓▓▓▓▓▓


You could see a mottled draconian, 2 draconians, 2 draconians, 3 Orb Guardians
and a black draconian annihilator.

Vanquished Creatures
  A white draconian (D)
  2 hell hogs (D)
  A deep elf archer (D)
  A giant orange brain (D)
  A deep elf mage (D)
  A rime drake (D)
  A spiny frog (D)
  A komodo dragon (D)
  2 efreet (D)
  An ancient zyme (D)
  4 merfolk (D)
  Sigmund (D)
  2 air elementals (D)
  4 starcursed masses (D)
  2 yaks (D)
  3 wyverns (D)
  A steam dragon (D)
  A mottled dragon (D)
  A water moccasin (D)
  A porcupine (D)
  3 swamp drakes (D)
  2 phantoms (D)
  3 necrophages (D)
  Blork the orc (D)
  Dowan (D)
  3 wights (D)
  A crimson imp (D)
  A quasit (D)
  2 orc priests (D)
  Crazy Yiuf (D)
  An iguana (D)
  Jessica (D)
  A river rat (D)
  A white imp (D)
  An adder zombie (D)
  A bat skeleton (D)
  2 fire vortices (D)
58 creatures vanquished.

Notes
Turn   | Place    | Note
--------------------------------------------------------------
     0 | D        | Groucho the Spriggan Fighter began the quest for the Orb.
     0 | D        | Reached XP level 1. HP: 11/11 MP: 2/2
    13 | D        | Found an iron altar of Okawaru.
    13 | D        | Found a radiant altar of Vehumet.
    13 | D        | Found a shimmering altar of Xom.
    13 | D        | Found a burning altar of Makhleb.
    13 | D        | Found a deep blue altar of Sif Muna.
    35 | D        | Found a bloodstained altar of Trog.
    36 | D        | Found a corrupted altar of Lugonu.
    36 | D        | Found a white marble altar of Elyvilon.
    36 | D        | Found a roughly hewn altar of Beogh.
    36 | D        | Found a sparkling altar of Nemelex Xobeh.
    36 | D        | Found a viscous altar of Jiyva.
    75 | D        | Became a worshipper of Qazlal Stormbringer
    96 | D        | Entered arena 1.
    96 | D        | Noticed an orc priest
    96 | D        | Noticed an orc priest
   100 | D        | Killed an orc priest
   100 | D        | Reached skill level 1 in Armour
   100 | D        | Reached skill level 5 in Dodging
   100 | D        | Reached XP level 2. HP: 16/16 MP: 2/4
   100 | D        | Reached XP level 3. HP: 20/20 MP: 2/5
   106 | D        | Reached skill level 6 in Dodging
   277 | D        | Identified the Catalogue of Moulding and the Voyage (You found it in the Dungeon)
   278 | D        | Entered arena 2.
   278 | D        | Noticed a necrophage
   278 | D        | Noticed a necrophage
   278 | D        | Noticed a necrophage
   281 | D        | Killed a necrophage
   281 | D        | Reached * piety under Qazlal
   281 | D        | Reached skill level 5 in Bows
   281 | D        | Reached skill level 7 in Dodging
   281 | D        | Reached XP level 4. HP: 26/26 MP: 6/8
   281 | D        | Reached XP level 5. HP: 30/30 MP: 6/9
   289 | D        | Killed a necrophage
   289 | D        | Reached skill level 5 in Fighting
   289 | D        | Reached skill level 8 in Dodging
   289 | D        | Reached skill level 5 in Invocations
   293 | D        | Killed a necrophage
   293 | D        | Reached skill level 9 in Dodging
   293 | D        | Reached XP level 6. HP: 34/35 MP: 7/11
   316 | D        | Learned a level 1 spell: Apportation
   317 | D        | Entered arena 3.
   317 | D        | Noticed an air elemental
   317 | D        | Noticed an air elemental
   317 | D        | Noticed a deep elf archer
   317 | D        | Noticed a deep elf mage
   324 | D        | Killed an air elemental
   324 | D        | Reached skill level 10 in Dodging
   330 | D        | Killed a deep elf mage
   330 | D        | Reached ** piety under Qazlal
   330 | D        | Reached skill level 5 in Armour
   330 | D        | Reached skill level 11 in Dodging
   330 | D        | Reached XP level 7. HP: 19/41 MP: 11/13
   337 | D        | Killed an air elemental
   337 | D        | Reached XP level 8. HP: 43/46 MP: 11/14
   373 | D        | Killed a deep elf archer
   373 | D        | Reached skill level 10 in Bows
   373 | D        | Reached skill level 12 in Dodging
   509 | D        | Entered arena 4.
   509 | D        | Noticed a merfolk
   509 | D        | Noticed a merfolk
   509 | D        | Noticed a merfolk
   509 | D        | Noticed a merfolk
   517 | D        | Killed a merfolk
   519 | D        | Killed a merfolk
   519 | D        | Reached skill level 13 in Dodging
   525 | D        | Killed a merfolk
   525 | D        | Reached XP level 9. HP: 30/51 MP: 4/16
   530 | D        | Killed a merfolk
   530 | D        | Reached *** piety under Qazlal
   540 | D        | Got the ring of Hous {rPois rF- Dex+3 Stlth+}
   575 | D        | Learned a level 6 spell: Statue Form
   686 | D        | Entered arena 5.
   686 | D        | Noticed Sigmund
   686 | D        | Noticed Jessica
   686 | D        | Noticed Blork the orc
   686 | D        | Noticed Crazy Yiuf
   686 | D        | Noticed Dowan
   687 | D        | Killed Jessica
   687 | D        | Killed Crazy Yiuf
   687 | D        | Reached skill level 1 in Transmutations
   689 | D        | Killed Blork the orc
   690 | D        | Killed Dowan
   690 | D        | Reached skill level 1 in Earth Magic
   691 | D        | Killed Sigmund
   691 | D        | Reached skill level 1 in Spellcasting
  1038 | D        | Entered arena 6.
  1038 | D        | Noticed a hell hog
  1038 | D        | Noticed an efreet
  1038 | D        | Noticed an efreet
  1038 | D        | Noticed a hell hog
  1045 | D        | Killed a hell hog
  1045 | D        | Reached skill level 14 in Dodging
  1045 | D        | Reached skill level 10 in Invocations
  1054 | D        | Killed an efreet
  1054 | D        | Reached **** piety under Qazlal
  1062 | D        | Killed a hell hog
  1062 | D        | Reached skill level 5 in Evocations
  1062 | D        | Reached XP level 10. HP: 28/57 MP: 1/18
  1537 | D        | Entered arena 7.
  1537 | D        | Noticed a giant orange brain
  1537 | D        | Noticed a starcursed mass
  1538 | D        | Reached skill level 15 in Dodging
  1539 | D        | Killed a giant orange brain
  1569 | D        | Killed a starcursed mass
  1570 | D        | Killed a starcursed mass
  1570 | D        | Killed a starcursed mass
  1571 | D        | Killed a starcursed mass
  1593 | D        | Identified the Compendium of Battle Magic and the Glacier (You found it in the Dungeon)
  2036 | D        | Entered arena 8.
  2057 | D        | Got the ring "Zeduij" {rElec rF+ rN+ Str+4 Stlth+}
  2392 | D        | Entered arena 9.
  2392 | D        | Noticed a spiny frog
  2393 | D        | Reached skill level 16 in Dodging
  2394 | D        | Killed a spiny frog
  2394 | D        | Reached ***** piety under Qazlal
  2657 | D        | Entered arena 10.
  2663 | D        | Reached XP level 11. HP: 62/62 MP: 7/21
  2677 | D        | Got the ring "Dywke" {rC+ Str-3 Dex+4}
  2848 | D        | Entered arena 11.
  2848 | D        | Noticed a purple draconian
  2848 | D        | Noticed an Orb Guardian
  2848 | D        | Noticed a mottled draconian
  2848 | D        | Noticed a white draconian
  2848 | D        | Noticed an Orb Guardian
  2849 | D        | Noticed a yellow draconian
  2849 | D        | Noticed a yellow draconian
  2850 | D        | Noticed a purple draconian
  2850 | D        | Noticed a black draconian annihilator
  2852 | D        | Noticed an Orb Guardian
  2856 | D        | HP: 1/62 [Orb Guardian (26)]
  2857 | D        | Killed a white draconian
  2857 | D        | Reached skill level 17 in Dodging
  2857 | D        | Reached skill level 10 in Evocations
  2857 | D        | Annihilated by an Orb Guardian

Skill      XL: |  1  2  3  4  5  6  7  8  9 10 11 |
---------------+----------------------------------+-----
Fighting       | 3 4 5 6 7 8 9 |  9.6
Bows           | 2 5 6 9 10 11 12 | 12.8
Armour         | 1 3 4 5 7 8 9 |  9.7
Dodging        | 5 7 9 11 13 14 16 17 | 17.0
Invocations    | 2 4 5 7 9 10 12 | 12.3
Transmutations | 2 |  2.1
Earth Magic    | 1 |  1.4
Spellcasting   | 1 |  1.4
Evocations     | 5 9 10 | 10.1
Long Blades    | |  1.5
Shields        | |  2.1

Action                   |  1- 3 |  4- 6 |  7- 9 | 10-12 || total
-------------------------+-------+-------+-------+-------++-------
 Fire: Shortbow          |    13 |    25 |    77 |    51 ||   166
 Cast: Apportation       |       |       |     2 |       ||     2
Invok: Upheaval          |       |       |    10 |    19 ||    29
 Abil: Evoke Invisibilit |       |       |     1 |     1 ||     2
  Use: Potion            |       |       |     6 |     2 ||     8
       Scroll            |       |       |       |     1 ||     1
  Eat: Royal jelly       |       |       |       |     3 ||     3
Armor: Shadow dragon arm |     1 |    16 |     5 |     3 ||    25
Dodge: Dodged            |     3 |    31 |    40 |     9 ||    83
Block: Other             |       |     3 |     5 |     3 ||    11
